 Dungeon Crawl Stone Soup version 0.29-a0-414-g5075937ec3 (webtiles) character file.

Game seed: 8483417578482296156

7424 trckry the Tainter (level 10, -8/61 HPs)
             Began as a Demonspawn Wanderer on May 16, 2022.
             Was a Priest of Hepliaklqana.
             Mangled by a death yak (20 damage)
             ... on level 7 of the Dungeon.
             The game lasted 00:34:47 (8979 turns).

trckry the Tainter (Demonspawn Wanderer)            Turns: 8979, Time: 00:34:48

Health: -8/61      AC:  8    Str: 10    XL:     10   Next: 93%
Magic:  0/14       EV: 11    Int: 17    God:    Hepliaklqana [***...]
Gold:   683        SH:  6    Dex: 16    Spells: 9/15 levels left

rFire   . . .      SeeInvis .   a - +3 trident (flame)
rCold   + . .      Faith    .   h - +0 buckler
rNeg    . . .      Spirit   +   d - +2 robe {rC+}
rPois   .          Reflect  .   w - +2 helmet
rElec   .          Harm     .   v - +0 cloak
rCorr   .          Rampage  .   (no gloves)
Will    .....                   (no boots)
Stlth   +.........              (no amulet)
HPRegen 0.20/turn               (no ring)
MPRegen 0.28/turn               (no ring)

@: no status effects
A: reduced essence, claws 2, spiny 3, magic shield, magic regeneration
a: Renounce Religion, Recall Ancestor, Ancestor Identity, Transference


You were on level 7 of the Dungeon.
You worshipped Hepliaklqana.
Hepliaklqana was most pleased with you.
You visited 1 branch of the dungeon, and saw 8 of its levels.
You also visited: Sewer and Bailey.

You collected 683 gold pieces.

Inventory:

Hand Weapons
 a - a +3 trident of flaming (weapon)
 b - a +0 spear of venom
Missiles
 j - 5 silver javelins
 k - 5 poisoned darts
 u - 29 boomerangs (quivered)
Armour
 d - a +2 robe of cold resistance (worn)
 h - a +0 buckler (worn)
 v - a +0 cloak (worn)
 w - a +2 helmet (worn)
 x - a +0 troll leather armour {Pargi}
Jewellery
 G - a ring of flight
Wands
 e - a wand of paralysis (10)
 o - a wand of flame (19)
 D - a wand of polymorph (3)
Scrolls
 c - 3 scrolls of acquirement {unknown}
 f - 3 scrolls of teleportation {unknown}
 g - 3 scrolls of enchant weapon {unknown}
 i - a scroll of silence {unknown}
 l - a scroll of brand weapon {unknown}
 p - 6 scrolls of identify {unknown}
 s - 3 scrolls of enchant armour {unknown}
 t - a scroll of magic mapping {unknown}
 y - a scroll of amnesia {unknown}
 z - 2 scrolls of noise {unknown}
 H - a scroll of fear {unknown}
Potions
 n - a potion of degeneration {unknown}
 r - a potion of mutation {unknown}
 A - a potion of berserk rage {unknown}
 B - a potion of haste
 C - a potion of might {unknown}
 E - 4 potions of flight
Miscellaneous
 F - a lightning rod (4/4)


   Skills:
 + Level 2.4 Fighting
 - Level 1.0 Long Blades
 - Level 2.6 Throwing
 + Level 1.5 Armour
 + Level 1.5 Dodging
 - Level 6.0 Shields
 + Level 3.2 Spellcasting
 - Level 6.0 Transmutations
 - Level 6.0 Fire Magic
 - Level 6.0 Air Magic
 - Level 9.0 Poison Magic
 + Level 3.4 Invocations
 + Level 1.4 Evocations


You had 9 spell levels left.
You knew the following spells:

 Your Spells              Type           Power      Damage    Failure   Level
a - Sting                 Tmut/Pois      100%       1d8       1%          1
b - Poisonous Vapours     Pois/Air       56%        N/A       1%          2
c - Ignite Poison         Fire/Tmut/Pois 26%        N/A       3%          3

Your spell library contained the following spells:

 Spells                   Type           Power      Damage    Failure   Level
 Spider Form              Tmut/Pois      28%        N/A       3%          3
 Passwall                 Tmut/Erth      10%        N/A       10%         2
 Sandblast                Erth           4%         2d4       22%         1
 Summon Small Mammal      Summ           8%         N/A       22%         1
 Ensorcelled Hibernation  Hex/Ice        4%         N/A       32%         2
 Call Canine Familiar     Summ           2%         N/A       54%         3
 Stone Arrow              Conj/Erth      4%         3d7       54%         3
 Summon Guardian Golem    Hex/Summ       2%         N/A       54%         3
 Tukima's Dance           Hex            2%         N/A       54%         3
 Yara's Violent Unravell  Hex/Tmut       6%         3d5       87%         5
 Anguish                  Hex/Necr       1%         N/A       91%         4
 Passage of Golubria      Tloc           2%         N/A       91%         4


Dungeon Overview and Level Annotations

Branches:
Dungeon (8/15)             Temple (0/1) D:5           Sewer (visited)
 Bailey (visited)
   Lair: D:8-11

Altars:
Cheibriados
Elyvilon
Hepliaklqana
Makhleb
Nemelex Xobeh
Okawaru
Qazlal
Ru
Sif Muna
Trog
Uskayaw
Xom
The Shining One


Innate Abilities, Weirdness & Mutations

Your life essence is reduced to manifest your ancestor. (-10% HP)
You have very sharp fingernails.
You are completely covered in sharp spines.
When hurt, damage is shared between your health and your magic reserves.
You regenerate magic rapidly.


Message History

Confirm with . or Enter, or press ? or * to list all spells.
You ignite the poison in your surroundings!
The death yak seems to burn from within!!!
The death yak is almost dead.
The death yak seems to burn from within!!!!
You kill the death yak!
You feel sick.
The death yak gores Udjahorresnet!!
Udjahorresnet is destroyed!
Your Evocations skill increases to level 1!
You now have 1/14 mp.
You feel sick.
You take 1 damage, and have 44/61 hp.
Reach: b) +0 spear (venom)
Press: ? - help, Dir - move target, f - death yak
Aim: a death yak (almost dead, about 20% to evade your +0 spear of venom)
You reach to attack!
You hit the death yak but do no damage.
The death yak is poisoned.
The death yak is almost dead.
You feel sick.
You take 1 damage, and have 43/61 hp.
You feel sick. The death yak is struck by your spines. The death yak gores you.
You climb upwards.
You feel sick.
You are no longer poisoned.
There is a stone staircase leading down, spattered with blood here.
You take 9 damage, and have 34/61 hp.
You hit the death yak but do no damage.
The death yak is almost dead.
The death yak gores you! You block the death yak's attack.
Your magical contamination has completely faded away.
You take 9 damage, and have 25/61 hp.
You now have 2/14 mp.
Your +0 spear of venom stops dripping with poison.
Your +3 trident of flaming bursts into flame!
a - a +3 trident of flaming (weapon)
You hit the death yak. You burn the death yak.
The death yak is almost dead.
The death yak gores you!!
* * * LOW HITPOINT WARNING * * *
You take 18 damage, and have 7/61 hp.
MASSIVE DAMAGE!!
You now have 0/14 mp.
You feel better. The death yak gores you!!
You die...

...##...# ##.###.#......#
...##.######..##.#......#
...##...................#
...##..######..#.#......####
...##.<........#.#........^#
...##..#######...#.........#
...##........÷...#........(#
............###Y.#.........#
............##..@.......####
.#..........#############
.#..........# .#..........#
..........).############
...[...................#
.......................#
...............≈≈≈≈≈≈≈.#
.......).......≈≈####≈.##


You could see a death yak (very poisoned).

Vanquished Creatures
  4 death yaks
  A cyclops (D:7)
  Sigmund (D:5)
  3 vampire mosquitoes (D:6)
  An ice beast (D:7)
  Pargi (Sewer)
  2 orc warriors (Bailey)
  A black bear (D:7)
  A centaur (D:8)
  2 bullfrogs (D:7)
  2 necrophages (D:6)
  A gnoll sergeant (D:6)
  2 scorpions
  5 killer bees (D:7)
  4 howler monkeys (D:7)
  A gnoll shaman (D:5)
  2 hounds
  2 orc priests
  3 iguanas (D:6)
  3 orc wizards
  8 gnolls
  3 adders
  2 river rats (D:5)
  A shadow imp (D:6)
  A white imp (D:6)
  A dart slug (D:5)
  13 orcs
  7 ball pythons
  8 bats
  7 endoplasms
  3 giant cockroaches
  3 goblins
  5 hobgoblins
  5 jackals
  11 kobolds
  A quokka (D:2)
  4 frilled lizards
  A rat (D:5)
126 creatures vanquished.

Vanquished Creatures (collateral kills)
  A death yak (D:7)
  Grinder (D:4)
  A wyvern (D:7)
  A vampire mosquito (D:6)
  A water moccasin (D:8)
  An acid dragon (D:7)
  2 orc warriors (Bailey)
  2 ice beasts (D:5)
  A centaur (D:3)
  A phantom (D:5)
  2 bullfrogs
  A gnoll sergeant (D:5)
  A howler monkey (D:6)
  A hound (D:5)
  A jelly (D:6)
  An orc priest (D:4)
  Crazy Yiuf (D:4)
  2 iguanas (D:5)
  3 orc wizards
  8 gnolls
  2 adders (D:2)
  A river rat (D:5)
  An ufetubus (D:7)
  3 dart slugs
  15 orcs
  A ball python (D:5)
  A bat (D:3)
  An endoplasm (D:4)
  A giant cockroach (D:2)
  7 goblins
  6 hobgoblins
  6 jackals
  11 kobolds
  A rat (D:2)
90 creatures vanquished.

Vanquished Creatures (others)
  4 knights
  2 ancestors (D:3)
  17 plants (D:5)
23 creatures vanquished.

Grand Total: 239 creatures vanquished

Notes
Turn   | Place    | Note
-------+----------+-------------------------------------------
     0 | D:1      | trckry the Demonspawn Wanderer began the quest for the Orb.
     0 | D:1      | trckry set off with the following items: a +0 falchion, 6
                  | boomerangs, a +0 dagger, a potion of haste, a +0 robe; and
                  | the following spell memorised: Sting; and the following
                  | spells available to memorise: Poisonous Vapours, Ignite
                  | Poison
     0 | D:1      | Reached XP level 1. HP: 13/13 MP: 2/2
   520 | D:1      | Gained mutation: You are partially covered in sharp spines.
                  | [demonic ancestry]
   520 | D:1      | Reached XP level 2. HP: 19/19 MP: 0/4
   607 | D:1      | Found a faded altar of an unknown god.
   662 | D:1      | Prayed at the altar of an unknown god.
   662 | D:1      | Became a worshipper of Hepliaklqana the Forgotten
   662 | D:1      | Reached * piety under Hepliaklqana
  1381 | D:2      | Reached XP level 3. HP: 18/21 MP: 3/5
  1495 | D:2      | Reached skill level 1 in Shields
  1615 | D:2      | Reached skill level 4 in Poison Magic
  1639 | D:2      | Learned a level 2 spell: Poisonous Vapours
  1679 | D:2      | Gained mutation: You are mostly covered in sharp spines.
                  | [demonic ancestry]
  1679 | D:2      | Reached XP level 4. HP: 16/27 MP: 7/7
  2338 | D:3      | Reached skill level 1 in Invocations
  2443 | D:3      | Noticed a centaur
  2448 | D:3      | HP: 4/27 [centaur (5)]
  2451 | D:3      | Killed a centaur
  2452 | D:3      | Reached skill level 1 in Fighting
  2452 | D:3      | Reached skill level 1 in Air Magic
  2452 | D:3      | Gained mutation: You regenerate magic rapidly. [demonic
                  | ancestry]
  2452 | D:3      | Reached XP level 5. HP: 6/33 MP: 2/8
  2789 | D:3      | Reached ** piety under Hepliaklqana
  2796 | D:3      | Remembered your ancestor Udjahorresnet as a knight
  3122 | D:4      | Found a sparkling altar of Nemelex Xobeh.
  3134 | D:4      | Noticed Grinder
  3156 | D:4      | Gained mutation: You have sharp fingernails. [demonic
                  | ancestry]
  3156 | D:4      | Reached XP level 6. HP: 29/38 MP: 9/9
  3178 | D:4      | Killed Grinder
  3179 | D:4      | Reached skill level 5 in Poison Magic
  3245 | D:4      | Found an iron altar of Okawaru.
  3245 | D:4      | Found a stormy altar of Qazlal.
  3251 | D:4      | Found a sacrificial altar of Ru.
  3520 | D:4      | Found a shimmering altar of Xom.
  3522 | D:4      | Found a bloodstained altar of Trog.
  3787 | D:4      | Gained mutation: You are completely covered in sharp
                  | spines. [demonic ancestry]
  3787 | D:4      | Reached XP level 7. HP: 41/45 MP: 11/11
  3883 | D:4      | Found a runed translucent door.
  3884 | D:4      | Noticed Crazy Yiuf
  4098 | D:4      | Killed Crazy Yiuf
  4146 | D:4      | Learned a level 3 spell: Ignite Poison
  4147 | D:5      | Entered Level 5 of the Dungeon
  4158 | D:5      | Found a glowing drain.
  4201 | D:5      | Noticed Sigmund
  4203 | Sewer    | Entered a sewer
  4231 | Sewer    | Noticed Pargi
  4236 | Sewer    | Killed Pargi
  4237 | Sewer    | Reached skill level 1 in Transmutations
  4237 | Sewer    | Reached skill level 1 in Fire Magic
  4550 | D:5      | Killed Sigmund
  4557 | D:5      | Gained mutation: You have very sharp fingernails. [demonic
                  | ancestry]
  4557 | D:5      | Reached XP level 8. HP: 15/50 MP: 2/12
  4559 | D:5      | HP: 10/75 [something (2)]
  4857 | D:5      | Found a shimmering blue altar of Sif Muna.
  4960 | D:5      | Found a staircase to the Ecumenical Temple.
  5007 | D:5      | Reached skill level 6 in Poison Magic
  5510 | D:5      | Found a snail-covered altar of Cheibriados.
  5951 | D:6      | Reached *** piety under Hepliaklqana
  5979 | D:6      | Found a hide-covered altar of Uskayaw.
  6092 | D:6      | Reached XP level 9. HP: 29/54 MP: 13/13
  6851 | D:7      | Reached skill level 7 in Poison Magic
  6883 | D:7      | Reached skill level 5 in Shields
  6902 | D:7      | Found a flagged portal.
  7023 | Bailey   | Entered a bailey
  7257 | Bailey   | Reached skill level 5 in Air Magic
  7738 | D:7      | Found a burning altar of Makhleb.
  7989 | D:7      | Noticed a cyclops
  7996 | D:7      | Killed a cyclops
  7997 | D:7      | Reached skill level 5 in Transmutations
  7997 | D:7      | Gained mutation: When hurt, damage is shared between your
                  | health and your magic reserves. [demonic ancestry]
  7997 | D:7      | Reached XP level 10. HP: 60/60 MP: 5/14
  8098 | D:8      | Noticed a death yak
  8102 | D:8      | Noticed a death yak
  8104 | D:8      | Killed a death yak
  8105 | D:8      | Reached skill level 5 in Fire Magic
  8106 | D:8      | Noticed a death yak
  8330 | D:8      | Reached skill level 8 in Poison Magic
  8460 | D:8      | Noticed a death yak
  8469 | D:8      | Noticed a death yak
  8471 | D:8      | Noticed a death yak
  8474 | D:7      | Killed a death yak
  8540 | D:7      | Killed a death yak
  8800 | D:7      | Killed a death yak
  8801 | D:7      | Reached skill level 9 in Poison Magic
  8971 | D:8      | Killed a death yak
  8972 | D:8      | Reached skill level 1 in Evocations
  8978 | D:7      | HP: 7/61 [death yak (18)]
  8979 | D:7      | Mangled by a death yak

Illustrated notes

Levels and vault maps discovered:
D:1:      scummos_arrival_simple_fountains, layout_loops_ring,
          shapermc_ecumenical_altar_venn
D:2:      layout_rooms
D:3:      layout_rooms
D:4:      layout_loops_corners, grunt_temple_overflow_open,
          nicolae_overflow_squiral, supply_closet_lemuel, uniq_grinder,
          uniq_crazy_yiuf_cottage
D:5:      layout_basic, mainiacjoe_overflow_catwalk, overflow_temple_1_default,
          minmay_temple_entry_offerings, portal_sewer_entry_c,
          nicolae_grassy_gnolls, uniq_sigmund
D:6:      kb_forest_paths, layout_basic, tso_metal_star,
          mainiacjoe_overflow_boulevard, elyvilon_altar_5
D:7:      layout_basic, lemuel_coloured_pillars_altar, enter_bailey_4
D:8:      layout_basic, dpeg_lair_monsters, roderic_lattice_a,
          minmay_shop_grid_forest, kennysheep_island_fort, uniq_joseph

Skill      XL: |  1  2  3  4  5  6  7  8  9 10 |
---------------+-------------------------------+-----
Shields        | 1 2 3 4 5 6 |  6.0
Spellcasting   | 2 3 |  3.2
Poison Magic   | 4 5 6 7 9 |  9.0
Invocations    | 1 2 3 |  3.4
Fighting       | 1 2 |  2.4
Air Magic      | 1 2 4 5 6 |  6.0
Transmutations | 2 3 5 6 |  6.0
Fire Magic     | 1 3 4 6 |  6.0
Evocations     | 1 |  1.4
Long Blades    | |  1.0
Throwing       | |  2.6
Armour         | |  1.5
Dodging        | |  1.5

Action                   |  1- 3 |  4- 6 |  7- 9 | 10-12 || total
-------------------------+-------+-------+-------+-------++-------
Melee: Falchion          |    57 |    30 |       |       ||    87
       Spear             |       |    13 |   129 |    17 ||   159
       Trident           |       |       |    15 |    16 ||    31
Throw: Boomerang         |       |     2 |     1 |       ||     3
 Cast: Sting             |     8 |     9 |     3 |       ||    20
       Poisonous Vapours |       |     5 |    31 |    21 ||    57
       Ignite Poison     |       |       |     6 |     9 ||    15
Invok: Ancestor Life: Kn |       |     1 |       |       ||     1
       Recall Ancestor   |       |       |       |     3 ||     3
  Use: Potion            |       |     1 |     4 |     2 ||     7
 Stab: Distracted        |     1 |     1 |     1 |       ||     3
       Sleeping          |     1 |       |     4 |       ||     5
Armor: Robe              |    12 |     8 |    29 |     5 ||    54
       Skin              |       |     7 |     3 |       ||    10
Dodge: Dodged            |    32 |    23 |    56 |     9 ||   120
Block: Buckler           |    10 |     8 |    26 |    12 ||    56

Table legend: (Time is in decaauts)
 A = Elapsed time spent in this place.
 B = Non-inter-level travel time spent in this place.
 C = Inter-level travel time spent in this place.
 D = Time resting spent in this place.
 E = Time spent auto-exploring this place.
 F = Levels seen in this place.
 G = Mean time per level.
                   A        B        C        D        E       F      G
               +--------+--------+--------+--------+--------+-----+--------+
         Total |   9044 |   8745 |    299 |   1515 |   5198 |  10 |  904.4 |
       Dungeon |   8318 |   8019 |    299 |   1315 |   5154 |   8 | 1039.8 |
         Sewer |    338 |    338 |      0 |    200 |      0 |   1 |  338.0 |
        Bailey |    387 |    387 |      0 |      0 |     43 |   1 |  387.0 |
               +--------+--------+--------+--------+--------+-----+--------+

Top non-repeatable levels by time:
     D:7: 1710 daAuts
     D:1: 1377 daAuts
     D:4: 1263 daAuts
     D:5: 1186 daAuts
     D:6: 1111 daAuts
     D:2: 790 daAuts
     D:3: 742 daAuts
  Bailey: 387 daAuts
   Sewer: 338 daAuts
     D:8: 135 daAuts
